 Dungeon Crawl Stone Soup version 0.27.1-34-g3ba077fa99 (webtiles) character file.

Game seed: 17704811478349370464

1033 dianekeaton the Basher (level 8, 0/64 HPs)
             Began as a Minotaur Berserker on Jan 17, 2022.
             Was a Believer of Trog.
             Slain by Prince Ribbit (13 damage)
             ... on level 5 of the Dungeon.
             The game lasted 00:08:03 (5031 turns).

dianekeaton the Basher (Minotaur Berserker)         Turns: 5031, Time: 00:08:04

Health: 0/64       AC:  9    Str: 24    XL:     8   Next: 3%
Magic:  7/7        EV:  8    Int:  4    God:    Trog [**....]
Gold:   220        SH:  0    Dex: 10    Spells: 7/7 levels left

rFire    . . .     SeeInvis .   o - +1 flail (drain)
rCold    . . .     Faith    .   (no shield)
rNeg     . . .     Spirit   .   d - +0 chain mail
rPois    .         Reflect  .   (helmet restricted)
rElec    .         Harm     .   (no cloak)
rCorr    .         Rampage  .   f - +0 pair of gloves
Will     .....                  (no boots)
Stlth    ..........             (no amulet)
HPRegen  0.20/turn              (no ring)
MPRegen  0.10/turn              (no ring)

@: no status effects
A: horns 2, retaliatory headbutt
a: Renounce Religion, Berserk, Trog's Hand


You were on level 5 of the Dungeon.
You worshipped Trog.
Trog was pleased with you.
You visited 1 branch of the dungeon, and saw 5 of its levels.

You collected 220 gold pieces.

Inventory:

Hand Weapons
 a - a +0 mace
 n - a +2 whip of freezing
 o - a +1 flail of draining (weapon)
Armour
 d - a +0 chain mail (worn)
 f - a +0 pair of gloves (worn)
Wands
 i - a wand of charming (4)
Scrolls
 e - a scroll of teleportation
 j - 2 scrolls of noise {unknown}
 l - a scroll of fog {unknown}
 m - a scroll of fear
 q - a scroll of identify
Potions
 b - a potion of curing
 c - a potion of invisibility
 g - a potion of haste
 h - 3 potions of heal wounds {unknown}
 k - a potion of mutation {unknown}
 p - a potion of cancellation {unknown}


   Skills:
 - Level 3.6 Fighting
 + Level 11.5 Maces & Flails
 - Level 2.4 Armour
 - Level 2.1 Dodging


You had 7 spell levels left.
You didn't know any spells.
Your spell library was empty.

Dungeon Overview and Level Annotations

Branches:
Dungeon (5/15)             Temple (0/1) D:5

Altars:

Annotations:
D:5 Prince Ribbit


Innate Abilities, Weirdness & Mutations

You have a pair of horns on your head.
You reflexively headbutt those who attack you in melee.


Message History

Things that are here:
a +1 flail of draining; a +0 ring mail
o - a +1 flail of draining You sense an unholy aura.
o - a +1 flail of draining (weapon)
Found a red potion.
p - a red potion
Found a staircase to the Ecumenical Temple.
Found 9 gold pieces.
You now have 220 gold pieces (gained 9).
Found a scroll of identify.
q - a scroll of identify Prince Ribbit comes into view.
Prince Ribbit croaks.
Prince Ribbit blinks!
Prince Ribbit moves out of view.
Prince Ribbit lets out a mournful croak.
Prince Ribbit blinks!
Prince Ribbit catches a fly with his tongue.
Prince Ribbit hits you.
You barely miss Prince Ribbit. Your headbutt misses Prince Ribbit.
Prince Ribbit catches a mosquito with his tongue.
Prince Ribbit hits you.
You miss Prince Ribbit. Prince Ribbit closely misses you.
You barely miss Prince Ribbit. You headbutt Prince Ribbit!
Prince Ribbit is moderately wounded.
Prince Ribbit hits you!
You barely miss Prince Ribbit.
Prince Ribbit is moderately wounded.
Prince Ribbit hits you.
You miss Prince Ribbit. Your headbutt misses Prince Ribbit.
Prince Ribbit is moderately wounded.
Prince Ribbit hits you!
You closely miss Prince Ribbit. Your headbutt misses Prince Ribbit.
Prince Ribbit is moderately wounded.
Prince Ribbit hits you. Prince Ribbit hits you!
* * * LOW HITPOINT WARNING * * *
You hit Prince Ribbit.
Prince Ribbit is moderately wounded.
Prince Ribbit hits you!
You die...

............ #.# #. ##..........
.# #.# #. #..#.....#... .# #.# #.
..##.....# .## .# #.# #.
.##..#.#..##..# .# #># #.
##..##.##..##.# .# #.### #.
...##...##....###.###.#.## #.
......>.........F........##### #.
...##...##....##@............####
##..##.##..##.##.######.####<....
.##..#.#..##..##.# #.# ######
..##.....##..###.# #.#
#..#.....#...###.# #.#
...........#.....# #.# ##
###..........##### #.# #.
########.#.# #.# ##. #.#.#
#.#######..


You could see Prince Ribbit.

Vanquished Creatures
  Pikel (D:5)
  An ice beast (D:5)
  A black bear (D:4)
  A bullfrog (D:4)
  A water moccasin skeleton (D:5)
  A bullfrog zombie (D:5)
  2 hounds (D:5)
  Ijyb (D:3)
  A scorpion zombie (D:5)
  3 gnolls (D:4)
  5 adders
  A howler monkey skeleton (D:5)
  5 orcs
  3 endoplasms
  2 giant cockroaches (D:1)
  2 goblins
  8 hobgoblins
  6 jackals (D:1)
  9 kobolds
  3 quokkas
  9 ball pythons
  5 bats
  5 frilled lizards
  5 rats
81 creatures vanquished.

Notes
Turn   | Place    | Note
-------+----------+-------------------------------------------
     0 | D:1      | dianekeaton the Minotaur Berserker began the quest for the
                  | Orb.
     0 | D:1      | Reached XP level 1. HP: 19/19 MP: 0/0
    39 | D:1      | Reached skill level 4 in Maces & Flails
   474 | D:1      | Reached XP level 2. HP: 24/26 MP: 1/1
   824 | D:1      | Reached skill level 5 in Maces & Flails
  1172 | D:1      | Reached XP level 3. HP: 31/31 MP: 2/2
  1499 | D:2      | Found a faded altar of an unknown god.
  1830 | D:2      | You fall into a shaft and drop 1 floor!
  1868 | D:3      | Reached ** piety under Trog
  2168 | D:3      | Noticed Ijyb
  2192 | D:3      | Killed Ijyb
  2193 | D:3      | Reached skill level 6 in Maces & Flails
  2193 | D:3      | Reached XP level 4. HP: 37/39 MP: 3/3
  3206 | D:4      | Reached XP level 5. HP: 42/45 MP: 4/4
  3237 | D:4      | Reached skill level 7 in Maces & Flails
  3593 | D:4      | Noticed a black bear
  3600 | D:4      | Killed a black bear
  3601 | D:4      | Reached skill level 8 in Maces & Flails
  3601 | D:4      | Reached XP level 6. HP: 51/51 MP: 5/5
  3647 | D:5      | Entered Level 5 of the Dungeon
  3811 | D:5      | Noticed Pikel
  3838 | D:5      | Killed Pikel
  3839 | D:5      | Reached skill level 10 in Maces & Flails
  3839 | D:5      | Reached XP level 7. HP: 15/57 MP: 6/6
  4212 | D:5      | Reached skill level 11 in Maces & Flails
  4634 | D:5      | Reached XP level 8. HP: 39/64 MP: 7/7
  4891 | D:5      | Found a staircase to the Ecumenical Temple.
  5020 | D:5      | Noticed Prince Ribbit
  5031 | D:5      | Slain by Prince Ribbit

Illustrated notes

Levels and vault maps discovered:
D:1:      dpeg_arrival_windows_large_door, layout_rooms, hangedman_decor_push
D:2:      layout_basic, dreamdust_ecumenical_altar_angels_and_demons,
          kennysheep_decorative_pillar, kennysheep_big_empty_room
D:3:      layout_loops_cross, uniq_ijyb
D:4:      layout_basic
D:5:      layout_loops_ring, minmay_temple_entry_waves, uniq_pikel,
          uniq_prince_ribbit1

Skill      XL: |  1  2  3  4  5  6  7 |
---------------+----------------------+-----
Maces & Flails | 4 5 6 8 10 11 | 11.5
Fighting       | |  3.6
Armour         | |  2.4
Dodging        | |  2.1

Action                   |  1- 3 |  4- 6 |  7- 9 || total
-------------------------+-------+-------+-------++-------
Melee: Mace              |    95 |    81 |    53 ||   229
       Headbutt          |     4 |    11 |    10 ||    25
       Flail             |       |       |     7 ||     7
Invok: Berserk           |     1 |     2 |       ||     3
       Trog's Hand       |     1 |     2 |     1 ||     4
  Use: Scroll            |     3 |     4 |     1 ||     8
       Potion            |       |       |     1 ||     1
Armor: Animal skin       |    17 |       |       ||    17
       Chain mail        |    22 |    33 |    33 ||    88
Dodge: Dodged            |    77 |    36 |    22 ||   135
